 Dungeon Crawl Stone Soup version 0.29.0-15-g675c0067aa (webtiles) character file.

Game seed: 17120083446987284147

66 sleeves the Insei (level 4, -2/32 HPs)
             Began as a Human Transmuter on Sept 11, 2022.
             Killed by divine providence
             ... invoked by an orc priest
              (12 damage)
             ... on level 5 of the Dungeon.
             The game lasted 00:04:21 (2441 turns).

sleeves the Insei (Human Transmuter)                Turns: 2441, Time: 00:04:22

Health: -2/32      AC:  9    Str: 11    XL:     4   Next: 37%
Magic:  7/7        EV:  8    Int: 18    God:
Gold:   152        SH:  0    Dex: 10    Spells: 6/7 levels left

rFire   + . .      SeeInvis .     - Unarmed
rCold   . . .      Faith    .   (no shield)
rNeg    . . .      Spirit   .   k - +1 scale mail {rF+}
rPois   .          Reflect  .   (helmet currently unavailable)
rElec   .          Harm     .   (no cloak)
rCorr   .          Rampage  .   j - +1 pair of gloves
Will    .....      Rage     3%  (boots currently unavailable)
Stlth   ..........              (no amulet)
HPRegen 0.10/turn               (no ring)
MPRegen 0.10/turn               (no ring)

@: appendages (expiring)
A: horns 2, talons 2, berserk 1, clever 1, clumsy 1
a: End Transformation


You were on level 5 of the Dungeon.
You had temporarily grown beastly horns and talons.
You visited 1 branch of the dungeon, and saw 4 of its levels.

You collected 152 gold pieces.

Inventory:

Armour
 a - a +0 robe
 j - a +1 pair of gloves (worn)
   (You found it on level 1 of the Dungeon)
 k - a +1 scale mail of fire resistance (worn)
   (You took it off a hobgoblin on level 1 of the Dungeon)
Magical Staves
 r - a staff of conjuration
   (You found it on level 3 of the Dungeon)
Jewellery
 p - an amulet of guardian spirit
   (You found it on level 2 of the Dungeon)
Scrolls
 h - 2 scrolls of teleportation {unknown}
Potions
 b - a potion of lignification
 c - a potion of ambrosia {unknown}
 e - a potion of curing
 g - a potion of flight {unknown}
 i - 2 potions of degeneration {unknown}
 l - a potion of magic {unknown}
 o - a potion of attraction {unknown}


   Skills:
 - Level 1.0 Fighting
 - Level 2.0 Dodging
 + Level 4.9 Unarmed Combat
 - Level 2.0 Spellcasting
 - Level 2.0 Transmutations


You had 6 spell levels left.
You knew the following spells:

 Your Spells              Type           Power      Damage    Failure   Level
a - Beastly Appendage     Tmut           18%        N/A       45%         1

Your spell library contained the following spells:

 Spells                   Type           Power      Damage    Failure   Level
 Wereblood                Tmut           9%         N/A       58%         2
 Spider Form              Tmut/Pois      5%         N/A       92%         3
 Frozen Ramparts          Ice            2%         1d1       98%         3
 Portal Projectile        Hex/Tloc       2%         N/A       98%         3
 Tukima's Dance           Hex            1%         N/A       98%         3
 Ice Form                 Ice/Tmut       5%         N/A       100%        4
 Summon Ice Beast         Ice/Summ       1%         N/A       100%        4
 Blade Hands              Tmut           4%         N/A       100%        5


Dungeon Overview and Level Annotations

Branches:
Dungeon (3/15)

Altars:

Shops:
D:2 (

Annotations:
D:2 1 runed translucent door, Crazy Yiuf


Innate Abilities, Weirdness & Mutations

You have temporarily grown beastly horns and talons.
You sometimes lose your temper in combat.
Your mind is acute. (Int +4, Str/Dex -1)
You are clumsy. (Dex -2)


Message History

Welcome, sleeves the Human Transmuter.
It is said that the Orb of Zot exists deep within this dungeon.
Press ? for a list of commands and other information.
Found a gold piece.
Found a staircase leading out of the dungeon.
Found a gold piece.
Unknown command.
You now have 1 gold piece.
You now have 2 gold pieces (gained 1).
You open the door.
There is an open door here.
You open the door.
There is an open door here.
A frilled lizard comes into view.
Found a stone staircase leading down.
A frilled lizard is nearby!
A frilled lizard is nearby!
You grow a pair of large bovine horns.
Your feet morph into talons.
The frilled lizard hisses angrily.
The frilled lizard bites you but does no damage.
You barely miss the frilled lizard. You claw the frilled lizard.
Your headbutt misses the frilled lizard.
The frilled lizard is heavily wounded.
You miss the frilled lizard. Your kick misses the frilled lizard.
Your headbutt misses the frilled lizard.
The frilled lizard is heavily wounded.
Your transformation is almost over.
The frilled lizard barely misses you.
You hit the frilled lizard.
You kill the frilled lizard!
No target in view!
Magic restored.
Your horns disappear.
Your talons disappear.
There is a stone staircase leading down here.
Found a whip.
You see here a +0 whip.
c - a viscous coppery potion You open the door.
There is an open door here.
A ball python comes into view.
The ball python hisses angrily.
You grow a pair of large bovine horns.
Your feet morph into talons.
You hit the ball python but do no damage.
The ball python bites you but does no damage.
The ball python closely misses you.
You barely miss the ball python. You headbutt the ball python.
The ball python is moderately wounded.
The ball python closely misses you. The ball python misses you.
You closely miss the ball python. Your kick misses the ball python.
The ball python is moderately wounded.
The ball python bites you. The ball python barely misses you.
You closely miss the ball python.
The ball python is moderately wounded.
The ball python bites you. The ball python closely misses you.
You hit the ball python but do no damage.
The ball python is moderately wounded.
The ball python barely misses you. The ball python grabs you.
The ball python constricts you. The ball python bites you.
The ball python constricts you.
You hit the ball python.
You kill the ball python!
No target in view!
No target in view!
Your transformation is almost over.
Your horns disappear.
Your talons disappear.
HP restored.
You open the door.
Found a falchion.
There is an open door here.
Found a chain mail.
You now have 16 gold pieces (gained 14).
You now have 25 gold pieces (gained 9).
A goblin comes into view. It is wielding a +0 dagger.
A goblin is nearby!
The goblin shouts!
You hear a shout!
You grow a pair of large bovine horns.
Your feet morph into talons.
You hit the goblin.
You kill the goblin!
No target in view!
No target in view!
You pick up a book of Rime and begin reading...
You add the spells Frozen Ramparts and Summon Ice Beast to your library.
Your transformation is almost over.
A rat comes into view.
A rat is nearby!
A rat is nearby!
You extend your transformation's duration.
Your transformation is almost over.
The rat bites you but does no damage.
A rat is nearby!
A rat is nearby!
You hit the rat but do no damage. The rat bites you but does no damage.
You hit the rat.
You kill the rat!
No target in view!
No target in view!
Your horns disappear.
Your talons disappear.
d - a fizzy purple potion
Found an escape hatch in the floor.
A rat comes into view.
Found a dagger.
A hobgoblin comes into view.
The hobgoblin shouts!
You grow a pair of large bovine horns.
Your feet morph into talons.
The hobgoblin hits you.
You closely miss the hobgoblin.
You claw the hobgoblin, but do no damage.
The hobgoblin barely misses you.
You hit the hobgoblin. Your kick misses the hobgoblin.
Your headbutt misses the hobgoblin.
The hobgoblin is moderately wounded.
The hobgoblin hits you.
You hit the hobgoblin.
The hobgoblin is almost dead.
Your transformation is almost over.
The hobgoblin hits you.
You hit the hobgoblin.
You kill the hobgoblin!
No target in view!
Your horns disappear.
Your talons disappear.
A rat is nearby!
A rat is nearby!
You grow a pair of large bovine horns.
Your feet morph into talons.
The rat bites you.
You closely miss the rat. Your kick misses the rat. The rat barely misses you.
You hit the rat.
You kill the rat!
No target in view!
Your transformation is almost over.
Your horns disappear.
Your talons disappear.
An endoplasm comes into view.
An endoplasm is nearby!
An endoplasm is nearby!
You miscast Beastly Appendage.
You are very lightly contaminated with residual magic.
Nothing appears to happen.
You grow a pair of large bovine horns.
Your feet morph into talons.
You hit the endoplasm. Your kick misses the endoplasm.
The endoplasm is severely wounded.
The endoplasm hits you.
You hit the endoplasm but do no damage.
The endoplasm is severely wounded.
Your transformation is almost over.
The endoplasm freezes you.
You are frozen.
You are too injured to fight recklessly!
You are too injured to fight recklessly!
You are too injured to fight recklessly!
You are too injured to fight recklessly!
You hit the endoplasm.
You kill the endoplasm!
Your magical contamination has completely faded away.
You have reached level 2!
Your horns disappear.
Your talons disappear.
A kobold comes into view.
It is wielding a +0 short sword of speed.
The kobold shouts!
A kobold is nearby!
A kobold is nearby!
A kobold is nearby!
You grow a pair of large bovine horns.
Your feet morph into talons.
You hit the kobold.
The kobold is severely wounded.
The kobold hits you with a +0 short sword of speed. x2
You hit the kobold.
You kill the kobold!
No target in view!
No target in view!
You see here a +0 short sword of speed.
Your transformation is almost over.
Your horns disappear.
Your talons disappear.
A hobgoblin comes into view.
Found 11 gold pieces and a fuming golden potion.
The hobgoblin moves out of view.
A hobgoblin is nearby!
A hobgoblin is nearby!
You grow a pair of large bovine horns.
Your feet morph into talons.
The hobgoblin closely misses you.
You closely miss the hobgoblin. You claw the hobgoblin.
The hobgoblin is moderately wounded.
The hobgoblin hits you but does no damage.
You hit the hobgoblin.
You kill the hobgoblin!
No target in view!
No target in view!
Your transformation is almost over.
You now have 37 gold pieces (gained 12).
Your horns disappear.
Your talons disappear.
e - a fuming golden potion You now have 48 gold pieces (gained 11).
Found a spear.
Found a stone staircase leading down.
A kobold comes into view. It is wielding a +0 whip.
A kobold is nearby!
A kobold is nearby!
The kobold shouts!
You grow a pair of large bovine horns.
Your feet morph into talons.
Your transformation is almost over.
You miss the kobold. The kobold hits you but does no damage.
You closely miss the kobold. The kobold hits you but does no damage.
You barely miss the kobold. Your kick misses the kobold.
The kobold hits you with a +0 whip.
A kobold comes into view. It is wielding a +0 short sword.
You barely miss the kobold.
The kobold shouts!
You claw the kobold.
The kobold is heavily wounded.
The kobold throws a stone.
The stone hits you but does no damage. The kobold misses you.
You hit the kobold.
You kill the kobold!
The kobold throws a stone.
The stone hits you but does no damage.
The kobold throws a stone.
The stone closely misses you.
The kobold hits you with a +0 short sword.
You hit the kobold. You headbutt the kobold.
You kill the kobold!
Your horns disappear.
Your talons disappear.
No target in view!
Found a robe.
There is an open door here.
A rat comes into view.
A rat is nearby!
You miscast Beastly Appendage.
You are very lightly contaminated with residual magic.
Nothing appears to happen.
You grow a pair of large bovine horns.
Your feet morph into talons.
You barely miss the rat. You claw the rat.
You kill the rat!
No target in view!
No target in view!
Your magical contamination has completely faded away.
Your transformation is almost over.
Your horns disappear.
Your talons disappear.
An endoplasm comes into view.
An endoplasm is nearby!
An endoplasm is nearby!
Found a stone staircase leading down.
The endoplasm quivers.
You grow a pair of large bovine horns.
Your feet morph into talons.
Your transformation is almost over.
You barely miss the endoplasm. You claw the endoplasm.
You headbutt the endoplasm.
The endoplasm is moderately wounded.
The endoplasm freezes you.
You are frozen.
You hit the endoplasm.
You claw the endoplasm, but do no damage.
The endoplasm is heavily wounded.
The endoplasm closely misses you.
You hit the endoplasm.
You kill the endoplasm!
No target in view!
Your horns disappear.
Your talons disappear.
f - a scroll labelled QOYQEU HUTU
g - a glowing purple potion
h - a scroll labelled ULOSHR TUEBO
d - 2 fizzy purple potions (gained 1)
i - a fizzy cyan potion A goblin comes into view.
It is wielding a +0 dagger.
The goblin shouts!
A goblin is nearby!
A ball python comes into view.
You grow a pair of large bovine horns.
Your feet morph into talons.
You closely miss the goblin. You hit the goblin.
The goblin is severely wounded.
The goblin closely misses you.
You barely miss the goblin. You claw the goblin.
You kill the goblin!
You barely miss the ball python.
The ball python bites you but does no damage.
The ball python misses you.
You hit the ball python but do no damage.
You claw the ball python.
You kill the ball python!
Your transformation is almost over.
No target in view!
No target in view!
Things that are here:
a +0 dagger; a ball python corpse; a goblin corpse Your horns disappear.
Your talons disappear.
j - a +1 pair of gloves An endoplasm comes into view.
The endoplasm quivers.
An endoplasm is nearby!
You grow a pair of large bovine horns.
Your feet morph into talons.
The endoplasm closely misses you.
You hit the endoplasm. You headbutt the endoplasm.
The endoplasm is severely wounded.
The endoplasm hits you but does no damage.
You hit the endoplasm. You claw the endoplasm.
You kill the endoplasm!
No target in view!
Your transformation is almost over.
Your horns disappear.
Your talons disappear.
A hobgoblin comes into view.
It is wearing a +1 scale mail of fire resistance.
A hobgoblin is nearby!
A hobgoblin is nearby!
You grow a pair of large bovine horns.
Your feet morph into talons.
The hobgoblin hits you.
You hit the hobgoblin but do no damage. You headbutt the hobgoblin.
You kill the hobgoblin!
Your transformation is almost over.
No target in view!
No target in view!
h - 2 scrolls labelled ULOSHR TUEBO (gained 1)
You now have 70 gold pieces (gained 22).
Things that are here:
a +1 scale mail of fire resistance; a hobgoblin corpse
k - a +1 scale mail of fire resistance You start removing your armour.
You continue taking off your +0 robe. x4
Your horns disappear.
Your talons disappear.
You finish taking off your +0 robe.
You start putting on your armour.
You continue putting on your +1 scale mail of fire resistance. x5
You finish putting on your +1 scale mail of fire resistance.
You feel resistant to fire.
You start putting on your armour.
You continue putting on your +1 pair of gloves. x4
You finish putting on your +1 pair of gloves.
Okay, then.
There is an open door here.
Things that are here:
a +0 short sword; 4 stones A dart slug comes into view.
The dart slug launches a dart at you.
The slug dart hits you but does no damage.
A dart slug is nearby!
A dart slug is nearby!
Found 2 fizzy purple potions.
You grow a pair of large bovine horns.
Your feet morph into talons.
You hit the dart slug.
You claw the dart slug, but do no damage.
You headbutt the dart slug. Your punch misses the dart slug.
The dart slug is almost dead.
The dart slug bites you but does no damage.
You hit the dart slug.
You kill the dart slug!
Your transformation is almost over.
Your Unarmed Combat skill increases to level 4!
You have reached level 3!
Your experience leads to an increase in your attributes!
Increase (S)trength, (I)ntelligence, or (D)exterity?
You feel stronger. x2
Your horns disappear.
Your talons disappear.
d - 4 fizzy purple potions (gained 2)
You now have 85 gold pieces (gained 15).
There is an open door here.
You open the door.
There is an open door here.
Done exploring.
Done exploring.
Done exploring.
(D) Dungeon
Where to? (? - help)
There is an open door here.
There is an open door here.
There is a stone staircase leading down here.
You climb downwards.
Found 10 gold pieces.
There is a stone staircase leading up here.
An endoplasm comes into view.
An endoplasm is nearby!
An endoplasm is nearby!
You miscast Beastly Appendage.
You are very lightly contaminated with residual magic.
Nothing appears to happen.
You miscast Beastly Appendage.
Nothing appears to happen.
The endoplasm barely misses you.
You hit the endoplasm.
The endoplasm is heavily wounded.
You hit the endoplasm.
You kill the endoplasm!
No target in view!
Your magical contamination has completely faded away.
Magic restored.
You now have 95 gold pieces (gained 10).
You open the door.
There is an open door here.
You open the door.
There is an open door here.
Found a ring mail.
You see here a +0 ring mail.
An adder comes into view.
The adder hisses angrily.
An adder is nearby!
You miscast Beastly Appendage.
You are very lightly contaminated with residual magic.
Nothing appears to happen.
You grow a pair of large bovine horns.
Your feet morph into talons.
You miss the adder. The adder bites you.
You miss the adder. The adder bites you but does no damage.
You hit the adder but do no damage. Your kick misses the adder.
You headbutt the adder, but do no damage.
Your transformation is almost over.
The adder bites you but does no damage.
You closely miss the adder. Your kick misses the adder.
The adder closely misses you.
You miss the adder. Your kick misses the adder. You headbutt the adder.
The adder is heavily wounded.
The adder misses you.
Your magical contamination has completely faded away.
You barely miss the adder. Your kick misses the adder.
The adder is heavily wounded.
The adder bites you. The adder bites you but does no damage.
You hit the adder. You headbutt the adder.
You kill the adder!
No target in view!
No target in view!
Your horns disappear.
Your talons disappear.
HP restored.
Found a stone staircase leading down.
l - a bubbling coppery potion
m - a scroll labelled VIMIEP BAN
Found a stone staircase leading up.
You now have 105 gold pieces (gained 10).
n - a scroll labelled NANIGHEFOS
Found 5 stones.
You see here 5 stones.
You now have 112 gold pieces (gained 7).
You now have 123 gold pieces (gained 11).
Found a stone staircase leading up.
A rat comes into view.
A rat is nearby!
A rat is nearby!
You miscast Beastly Appendage.
You are very lightly contaminated with residual magic.
Nothing appears to happen.
You grow a pair of large bovine horns.
Your feet morph into talons.
You barely miss the rat. You claw the rat.
The rat is heavily wounded.
The rat bites you but does no damage.
You closely miss the rat. You headbutt the rat, but do no damage.
You punch the rat.
You kill the rat!
No target in view!
Your transformation is almost over.
Your magical contamination has completely faded away.
Your horns disappear.
Your talons disappear.
There is a stone staircase leading up here.
Found a club.
An endoplasm comes into view.
The endoplasm quivers.
An endoplasm is nearby!
An endoplasm is nearby!
You miscast Beastly Appendage.
You are very lightly contaminated with residual magic.
Nothing appears to happen.
You miscast Beastly Appendage.
Nothing appears to happen.
You punch the endoplasm!
You kill the endoplasm!
No target in view!
Your magical contamination has completely faded away.
A kobold comes into view. It is wielding a +0 short sword.
Found a fuming ruby potion.
The kobold shouts!
A kobold is nearby!
A kobold is nearby!
Found 2 stones.
You grow a pair of large bovine horns.
Your feet morph into talons.
You hit the kobold.
You kill the kobold!
No target in view!
No target in view!
Your transformation is almost over.
Things that are here:
a +0 short sword; a kobold corpse
o - a fuming ruby potion Your horns disappear.
Your talons disappear.
You open the door.
There is an open door here.
A ball python comes into view.
The ball python hisses angrily.
A ball python is nearby!
You grow a pair of large bovine horns.
Your feet morph into talons.
The ball python barely misses you. The ball python grabs you.
The ball python constricts you.
You closely miss the ball python. Your kick misses the ball python.
Your headbutt misses the ball python.
The ball python bites you but does no damage.
The ball python constricts you.
You hit the ball python.
You kill the ball python!
No target in view!
No target in view!
Your transformation is almost over.
Your horns disappear.
Your talons disappear.
A jackal comes into view.
Found a faded altar of an unknown god.
The jackal barks!
You hear a bark!
A jackal comes into view.
There are monsters nearby!
There are monsters nearby!
You miscast Beastly Appendage.
You are very lightly contaminated with residual magic.
Nothing appears to happen.
You grow a pair of large bovine horns.
Your feet morph into talons.
Your transformation is almost over.
The jackal bites you but does no damage.
You closely miss the jackal. You punch the jackal, but do no damage.
The jackal closely misses you.
You miss the jackal. You hit the jackal. You claw the jackal.
You kill the jackal!
The jackal barely misses you.
You barely miss the jackal. The jackal barely misses you.
You hit the jackal. Your kick misses the jackal.
The jackal is lightly wounded.
The jackal closely misses you. The jackal bites you.
Your magical contamination has completely faded away.
You hit the jackal.
You kill the jackal!
No target in view!
No target in view!
No target in view!
No target in view!
No target in view!
No target in view!
No target in view!
No target in view!
No target in view!
No target in view!
No target in view!
No target in view!
Your horns disappear.
Your talons disappear.
You see here a jackal corpse.
e - 2 fuming golden potions (gained 1)
You open the door.
Found a robe.
Found Gayhocw's Antique Weapon Boutique.
There is an open door here.
p - an amulet of guardian spirit
There is an entrance to Gayhocw's Antique Weapon Boutique here.
Okay, then.
You see here a +0 robe.
Found a dagger.
Found a hammer.
Found a runed translucent door.
Crazy Yiuf shouts!
Found a stone staircase leading down.
A goblin comes into view. It is wielding a +0 dagger.
The goblin shouts!
A goblin is nearby!
A goblin is nearby!
You see here a +0 dagger.
You grow a pair of large bovine horns.
Your feet morph into talons.
You closely miss the goblin. Your kick misses the goblin.
The goblin closely misses you.
You hit the goblin. You claw the goblin. Your headbutt misses the goblin.
The goblin is severely wounded.
The goblin hits you but does no damage.
You hit the goblin.
You kill the goblin!
No target in view!
Your transformation is almost over.
Your horns disappear.
Your talons disappear.
You open the door.
There is an open door here.
Found 2 stones.
You see here 2 stones.
Found a stone staircase leading down.
There is a stone staircase leading down here.
You open the door.
A rat comes into view.
Found a scroll labelled VYHOSIA ZUODE.
A rat is nearby!
Found a hand axe.
There is an open door here.
You miscast Beastly Appendage.
You are very lightly contaminated with residual magic.
Nothing appears to happen.
You miscast Beastly Appendage.
Nothing appears to happen.
You hit the rat.
The rat is severely wounded.
The rat completely misses you.
You hit the rat.
You kill the rat!
No target in view!
Your magical contamination has completely faded away.
An adder comes into view.
The adder hisses angrily.
An adder is nearby!
An adder is nearby!
You miscast Beastly Appendage.
You are very lightly contaminated with residual magic.
Nothing appears to happen.
You miscast Beastly Appendage.
Nothing appears to happen.
You miscast Beastly Appendage.
Nothing appears to happen.
You miscast Beastly Appendage.
Nothing appears to happen.
The adder bites you but does no damage.
You grow a pair of large bovine horns.
Your feet morph into talons.
The adder barely misses you.
You barely miss the adder. You claw the adder. Your punch misses the adder.
The adder is moderately wounded.
The adder bites you.
You hit the adder. Your kick misses the adder.
The adder is almost dead.
The adder bites you but does no damage.
You hit the adder.
You kill the adder!
You have reached level 4!
You feel clever.
Your horns disappear.
Your talons disappear.
Your magical contamination has completely faded away.
q - a scroll labelled VYHOSIA ZUODE As you open the door, it creaks loudly!
There is an open door here.
You pick up a book of Weapons and begin reading...
You add the spells Tukima's Dance, Portal Projectile and Blade Hands to your library.
As you open the door, it creaks loudly!
Okay, then.
Okay, then.
Unknown command.
There is an open door here.
There is an open door here.
There is a stone staircase leading up here.
You open the door.
There is an open door here.
Key pressed, stopping explore.
You see here a +0 hand axe.
Could not explore, unopened runed door.
Could not explore, unopened runed door.
Press: ? - help, v - describe, . - travel
Here: Crazy Yiuf, wielding a +2 quarterstaff of chaos and wearing a +0 cloak (fire blocked by a runed translucent door)
The floor.
Unknown command.
Unknown command.
Unknown command.
Unknown command.
(D) Dungeon
Where to? (Enter - D:2, ? - help)
There is a stone staircase leading down here.
You climb downwards.
There is a stone staircase leading up here.
Unknown command.
Found a stone staircase leading down.
A kobold comes into view. It is wielding a +0 dagger.
A kobold is nearby!
You miscast Beastly Appendage.
You are very lightly contaminated with residual magic.
Nothing appears to happen.
You grow a pair of large bovine horns.
Your feet morph into talons.
You hit the kobold.
You kill the kobold!
No target in view!
No target in view!
Your transformation is almost over.
Your magical contamination has completely faded away.
Your horns disappear.
Your talons disappear.
Magic restored.
A goblin comes into view. It is wielding a +0 dagger of draining.
A goblin is nearby!
A goblin is nearby!
The goblin shouts!
Found 15 gold pieces.
A giant cockroach comes into view.
The giant cockroach moves out of view.
You grow a pair of large bovine horns.
Your feet morph into talons.
You hit the goblin but do no damage. You closely miss the goblin.
Your kick misses the goblin.
The goblin hits you with a +0 dagger of draining.
You feel drained.
You punch the goblin!
You kill the goblin!
No target in view!
No target in view!
Found a fizzy cyan potion.
d - 6 fizzy purple potions (gained 2)
You see here a +0 dagger of draining.
Your transformation is almost over.
A goblin comes into view. It is wielding a +0 dagger.
The goblin shouts!
You see here a staff of conjuration.
r - a staff of conjuration Your horns disappear.
Your talons disappear.
You punch the giant cockroach!
You kill the giant cockroach!
The goblin hits you but does no damage.
You closely miss the goblin. The goblin completely misses you.
You closely miss the goblin. The goblin hits you but does no damage.
You barely miss the goblin. The goblin hits you but does no damage.
You hit the goblin.
The goblin is moderately wounded.
The goblin closely misses you.
You closely miss the goblin. You punch the goblin.
You kill the goblin!
No target in view!
No target in view!
You see here a +0 dagger.
You now have 138 gold pieces (gained 15).
i - 2 fizzy cyan potions (gained 1)
You now have 152 gold pieces (gained 14).
You open the door.
There is an open door here.
You open the door.
There is an open door here.
A sourceless malevolence fills the Dungeon...
You fall into a shaft and drop 2 floors!
The shaft crumbles and collapses.
Found a book of Vapours and a scroll labelled JIFROS CAILAC.
Unknown command.
Unknown command.
Unknown command.
An adder comes into view.
You miscast Beastly Appendage.
You are very lightly contaminated with residual magic.
Nothing appears to happen.
You grow a pair of large bovine horns.
Your feet morph into talons.
You barely miss the adder. Your kick misses the adder.
The adder barely misses you.
You closely miss the adder. You claw the adder.
The adder is lightly wounded.
The adder closely misses you.
Your magical contamination has completely faded away.
You hit the adder. Your headbutt misses the adder.
The adder is heavily wounded.
The adder closely misses you.
You hit the adder. Your kick misses the adder. Your headbutt misses the adder.
The adder is almost dead.
Your transformation is almost over.
The adder closely misses you.
You miss the adder. Your kick misses the adder.
The adder is almost dead.
The adder bites you.
You are poisoned.
The adder poisons you! The adder barely misses you.
You hit the adder.
You kill the adder!
You feel sick.
Your life force feels restored.
You feel sick.
You start resting.
You feel sick. x5
You are no longer poisoned.
You start resting.
Your horns disappear.
Your talons disappear.
Magic restored.
You start resting.
HP restored.
An orc comes into view. It is wielding a +0 club.
The orc shouts!
You hear a shout!
An orc priest comes into view. It is wielding a +0 trident.
An orc comes into view. It is wielding a +0 mace.
An orc comes into view. It is wielding a +3 whip.
The orc priest begins to cast a cantrip, but forgets the words!
Okay, then.
Okay, then.
You aren't carrying any items that you can evoke.
As you read the scroll labelled QOYQEU HUTU, it crumbles to dust.
It is a scroll of identify.
q - a scroll of blinking The orc shouts!
An orc comes into view. It is wielding a +0 dagger.
The orc shouts! x2
The orc barely misses you.
The orc priest mumbles some strange prayers to Beogh against you.
Beogh smites you!
Ouch! That really hurt!
* * * LOW HITPOINT WARNING * * *
Blink to where?
Press: ? - help, Dir - move target
As you read the scroll of blinking, it crumbles to dust.
As you read the scroll labelled NANIGHEFOS, it crumbles to dust.
You assume a fearsome visage.
The orc looks frightened! x2
It was a scroll of fear.
As you read the scroll labelled VIMIEP BAN, it crumbles to dust.
It is a scroll of enchant weapon.
You aren't carrying any weapons that can be enchanted.
It was a potion of mutation.
You feel extremely strange.
You feel frail.
You feel weaker.
Iridescent scales grow over part of your body.
Really quaff the potion of mutation? [Y]es or [N]o only, please.
Really quaff the potion of mutation?
You feel extremely strange.
You feel stronger.
You feel robust.
Your iridescent scales disappear.
You feel clever.
Your connection to magic feels subdued.
You feel agile.
Really quaff the potion of mutation?
You feel extremely strange.
You feel stupid.
Your magic regains its normal vibrancy.
Your vision sharpens.
Your bones become slightly less dense.
You occasionally lose the ability to read scrolls when taking damage.
Really quaff the potion of mutation?
You feel extremely strange.
Your skeletal structure returns to normal.
You feel clumsy.
You no longer become unable to read scrolls after taking damage.
You occasionally lose the ability to drink potions when taking damage.
You feel agile.
You feel your magical essence link to the dungeon's wands.
Really quaff the potion of mutation?
You feel extremely strange.
Your vision seems duller.
Your magical essence no longer links to wands of the dungeon.
You no longer become unable to drink potions after taking damage.
You feel yourself wasting away.
You feel clever.
Really quaff the potion of mutation?
You feel extremely strange.
You feel clumsy.
You feel healthier.
You feel a little pissed off.
You feel clumsy.
You are too injured to fight recklessly!
You are too injured to fight recklessly!
It was a potion of curing.
You feel better. The orc hits you but does no damage.
You hit the orc.
The orc is heavily wounded.
Casting: Beastly Appendage (safe; 45% risk of failure)
Confirm with . or Enter, or press ? or * to list all spells.
You grow a pair of large bovine horns.
Your feet morph into talons.
The orc closely misses you.
You punch the orc!
You kill the orc!
The orc hits you but does no damage.
You barely miss the orc. You claw the orc.
The orc is severely wounded.
The orc priest calls down the wrath of Beogh upon you.
Beogh smites you!
* * * LOW HITPOINT WARNING * * *
The orc hits you but does no damage.
You hit the orc.
You kill the orc!
The orc priest hits you with a +0 trident.
* * * LOW HITPOINT WARNING * * *
You see here a +0 mace.
You hit the orc priest but do no damage.
You claw the orc priest, but do no damage.
You headbutt the orc priest, but do no damage.
Your transformation is almost over.
The orc priest barely misses you.
You hit the orc priest. Your kick misses the orc priest.
The orc priest is heavily wounded.
You barely miss the orc priest.
The orc priest is heavily wounded.
The orc priest barely misses you.
You hit the orc priest.
The orc priest is severely wounded.
The orc priest hits you with a +0 trident.
* * * LOW HITPOINT WARNING * * *
You hit the orc priest.
You claw the orc priest, but do no damage.
The orc priest is severely wounded.
The orc priest hits you but does no damage.
You barely miss the orc priest.
You headbutt the orc priest, but do no damage.
The orc priest is severely wounded.
The orc priest hits you but does no damage.
You hit the orc priest.
The orc priest is almost dead.
The orc priest calls down the wrath of Beogh upon you.
Beogh smites you!
You die...

#####
#.).#
#.@##
##o#
#.#
#.#
#.#
#.#
#.#
#.#
#.#


You could see an orc priest.

Vanquished Creatures
  3 adders
  A dart slug (D:1)
  2 orcs (D:5)
  5 endoplasms
  A giant cockroach (D:3)
  3 hobgoblins (D:1)
  2 jackals (D:2)
  3 ball pythons
  A frilled lizard (D:1)
  5 goblins
  5 kobolds
  5 rats
36 creatures vanquished.

Notes
Turn   | Place    | Note
-------+----------+-------------------------------------------
     0 | D:1      | sleeves the Human Transmuter began the quest for the Orb.
     0 | D:1      | Reached XP level 1. HP: 15/15 MP: 3/3
   396 | D:1      | Reached XP level 2. HP: 13/21 MP: 1/5
  1143 | D:1      | Reached skill level 4 in Unarmed Combat
  1143 | D:1      | Reached XP level 3. HP: 26/26 MP: 4/6
  1584 | D:2      | Found a faded altar of an unknown god.
  1664 | D:2      | Found Gayhocw's Antique Weapon Boutique.
  1696 | D:2      | Found a runed translucent door.
  1697 | D:2      | Noticed Crazy Yiuf
  1815 | D:2      | Reached XP level 4. HP: 31/32 MP: 1/7
  2275 | D:3      | You fall into a shaft and drop 2 floors!
  2275 | D:5      | Entered Level 5 of the Dungeon
  2398 | D:5      | HP: 16/32 [orc priest/divine providence (16)]
  2420 | D:5      | Gained mutation: You are frail. (-10% HP) [potion of
                  | mutation]
  2420 | D:5      | Gained mutation: You are weak. (Str -2) [potion of
                  | mutation]
  2420 | D:5      | Gained mutation: You are partially covered in iridescent
                  | scales. (AC +2) [potion of mutation]
  2421 | D:5      | Lost mutation: You are weak. (Str -2) [potion of mutation]
  2421 | D:5      | Lost mutation: You are frail. (-10% HP) [potion of
                  | mutation]
  2421 | D:5      | Lost mutation: You are partially covered in iridescent
                  | scales. (AC +2) [potion of mutation]
  2421 | D:5      | Gained mutation: Your mind is acute. (Int +4, Str/Dex -1)
                  | [potion of mutation]
  2421 | D:5      | Gained mutation: Your spells are a little easier to cast,
                  | but a little less powerful. [potion of mutation]
  2421 | D:5      | Gained mutation: You are agile. (Dex +4, Str/Int -1)
                  | [potion of mutation]
  2422 | D:5      | Lost mutation: Your mind is acute. (Int +4, Str/Dex -1)
                  | [potion of mutation]
  2422 | D:5      | Lost mutation: Your spells are a little easier to cast, but
                  | a little less powerful. [potion of mutation]
  2422 | D:5      | Gained mutation: You have supernaturally acute eyesight.
                  | (SInv) [potion of mutation]
  2422 | D:5      | Gained mutation: You have a somewhat thin skeletal
                  | structure. (Dex +2, Stealth+) [potion of mutation]
  2422 | D:5      | Gained mutation: You occasionally lose the ability to read
                  | scrolls when taking damage. [potion of mutation]
  2423 | D:5      | Lost mutation: You have a somewhat thin skeletal structure.
                  | (Dex +2, Stealth+) [potion of mutation]
  2423 | D:5      | Lost mutation: You are agile. (Dex +4, Str/Int -1) [potion
                  | of mutation]
  2423 | D:5      | Lost mutation: You occasionally lose the ability to read
                  | scrolls when taking damage. [potion of mutation]
  2423 | D:5      | Gained mutation: You occasionally lose the ability to drink
                  | potions when taking damage. [potion of mutation]
  2423 | D:5      | Gained mutation: You are agile. (Dex +4, Str/Int -1)
                  | [potion of mutation]
  2423 | D:5      | Gained mutation: You expend magic power (3 MP) to
                  | strengthen your wands. [potion of mutation]
  2424 | D:5      | Lost mutation: You have supernaturally acute eyesight.
                  | (SInv) [potion of mutation]
  2424 | D:5      | Lost mutation: You expend magic power (3 MP) to strengthen
                  | your wands. [potion of mutation]
  2424 | D:5      | Lost mutation: You occasionally lose the ability to drink
                  | potions when taking damage. [potion of mutation]
  2424 | D:5      | Gained mutation: Your body sometimes deteriorates upon
                  | taking damage. [potion of mutation]
  2424 | D:5      | Gained mutation: Your mind is acute. (Int +4, Str/Dex -1)
                  | [potion of mutation]
  2425 | D:5      | Lost mutation: You are agile. (Dex +4, Str/Int -1) [potion
                  | of mutation]
  2425 | D:5      | Lost mutation: Your body sometimes deteriorates upon taking
                  | damage. [potion of mutation]
  2425 | D:5      | Gained mutation: You sometimes lose your temper in combat.
                  | [potion of mutation]
  2425 | D:5      | Gained mutation: You are clumsy. (Dex -2) [potion of
                  | mutation]
  2432 | D:5      | HP: 13/32 [orc priest/divine providence (15)]
  2438 | D:5      | HP: 10/32 [orc priest/+0 trident (1)]
  2441 | D:5      | Killed from afar by an orc priest

Illustrated notes

Levels and vault maps discovered:
D:1:      giann_wishing_wells, layout_basic, minmay_pentomino_q2
D:2:      layout_basic, serial_shops, shop,
          hellmonk_ecumenical_altar_dog_temple, uniq_crazy_yiuf_cottage
D:3:      layout_rooms, kennysheep_another_room, hex_medium, minmay_pentangle,
          uniq_ijyb
D:5:      layout_cave_pods

Skill      XL: |  1  2 |
---------------+-------+-----
Unarmed Combat | 4 |  4.9
Fighting       | |  1.0
Dodging        | |  2.0
Spellcasting   | |  2.0
Transmutations | |  2.0

Action                   |  1- 3 |  4- 6 || total
-------------------------+-------+-------++-------
Melee: Unarmed           |    74 |    27 ||   101
       Kick              |    15 |     4 ||    19
       Headbutt          |    10 |     2 ||    12
       Punch             |     2 |     1 ||     3
 Cast: Beastly Appendage |    23 |     4 ||    27
  Use: Potion            |       |     7 ||     7
       Scroll            |       |     4 ||     4
Armor: Robe              |    11 |       ||    11
       Scale mail        |    11 |     8 ||    19
Dodge: Dodged            |    27 |    11 ||    38
